 Dungeon Crawl Stone Soup version 0.31.0-9-g3a7656b989 (webtiles) character file.

Game seed: 16206798433600919794

3927 qw the Nimble (level 10, -8/49 HPs)
             Began as a Spriggan Hunter on Feb 2, 2024.
             Was a Believer of Okawaru.
             Killed from afar by a deep elf pyromancer (35 damage)
             ... with a bolt of fire
             ... on level 8 of the Dungeon.
             The game lasted 00:00:39 (7404 turns).

qw the Nimble (Spriggan Hunter)                     Turns: 7404, Time: 00:00:39

Health: -8/49      AC:  3    Str:  7    XL:     10   Next: 1%
Magic:  12/14      EV: 34    Int: 10    God:    Okawaru [**....]
Gold:   691        SH:  0    Dex: 24    Spells: 9/9 levels left

rFire   . . .        a - +4 shortbow (chaos)
rCold   + . .        (shield currently unavailable)
rNeg    . . .        l - +1 robe of the Slorg {Rampage}
rPois   .            (helmet restricted)
rElec   .            r - scarf {repulsion}
rCorr   .            (gloves unavailable)
SInv    +            (boots unavailable)
Will    +....        (no amulet)
Stlth   ++++         e - ring of protection from cold
HPRegen 0.28/turn    (no ring)
MPRegen 0.14/turn

%: repel missiles, rampage
@: heroic, weakened, very quick
A: very small, no large weapons, unfitting armour, see invisible, speed 3
a: Renounce Religion, Heroism


You were on level 8 of the Dungeon.
You worshipped Okawaru.
Okawaru was pleased with you.
You visited 2 branches of the dungeon, and saw 9 of its levels.
You also visited: Sewer.

You collected 691 gold pieces.


Innate Abilities, Weirdness & Mutations

You are very small and have problems with some larger weapons.
You are too small for most types of armour.
You have supernaturally acute eyesight. (SInv)
You cover ground extremely quickly. (Speed+++)


   Skills:
 - Level 4.1(9.1) Fighting
 + Level 10.9(15.9) Ranged Weapons
 - Level 11.0(16.0) Dodging
 - Level 1.5(6.5) Stealth
 - Level 4.0 Invocations


You had 9 spell levels left.
You didn't know any spells.
Your spell library was empty.

Inventory:

Hand Weapons
 a - a +4 shortbow of chaos (weapon)
Armour
 l - the +1 robe of the Slorg (worn) {Rampage}
   (You found it on level 6 of the Dungeon)

   Rampage:   It bestows one free step when moving towards enemies.
 r - a scarf of repulsion (worn)
Jewellery
 e - a ring of protection from cold (left hand)
 m - a ring of resist corrosion
Wands
 g - a wand of polymorph (24)
Scrolls
 b - a scroll of teleportation
 i - 2 scrolls of enchant armour
 o - 2 scrolls of identify
Potions
 c - a potion of haste
 d - 3 potions of cancellation
 f - 2 potions of curing {unknown}
 h - a potion of enlightenment
 j - 2 potions of heal wounds
 k - a potion of might
 n - a potion of mutation {unknown}

Dungeon Overview and Level Annotations

Branches:
Dungeon (8/15)             Temple (1/1) D:5           Sewer (visited)
   Lair: D:8-11

Altars:
Ashenzari
Cheibriados
Dithmenos
Elyvilon
Fedhas
Hepliaklqana
Kikubaaqudgha
Makhleb
Nemelex Xobeh
Okawaru
Qazlal
Ru
Sif Muna
Trog
Uskayaw
Vehumet
Wu Jian
Xom
Yredelemnul
Zin
The Shining One

Shops:
D:1 [   D:6 (   D:7 (


Message History

Lightning courses through the gnoll bouda!
You kill the gnoll bouda!
Okawaru accepts your kill.
You shoot an arrow. The arrow hits the gnoll sergeant.
The gnoll sergeant is lightly wounded.
The deep elf pyromancer points at you and mumbles some strange words.
The pyre arrow misses you.
The gnoll sergeant completely misses you.
You shoot an arrow. The arrow hits the gnoll sergeant.
The gnoll sergeant is poisoned.
The gnoll sergeant is moderately wounded.
The gnoll sergeant completely misses you.
You shoot an arrow.
The arrow closely misses the gnoll sergeant.
You shoot an arrow. The arrow hits the gnoll sergeant!
The gnoll sergeant looks weaker.
The gnoll sergeant is heavily wounded.
The deep elf pyromancer gestures wildly while chanting.
The gnoll sergeant misses you.
You shoot an arrow. The arrow hits the gnoll sergeant!
You kill the gnoll sergeant!
Okawaru accepts your kill.
You have reached level 10!
You feel agile.
You shoot an arrow.
The arrow closely misses the deep elf pyromancer.
The arrow hits the fire elemental.
Nothing appears to happen.
The fire elemental is lightly damaged.
You shoot an arrow. The arrow hits the fire elemental!
The fire elemental becomes as fragile as glass!
The fire elemental is moderately damaged.
The fire elemental completely misses you.
The deep elf pyromancer points at you and mumbles some strange words.
The pyre arrow misses you.
You shoot an arrow.
The arrow closely misses the fire elemental.
The fire elemental completely misses you.
The deep elf pyromancer casts a spell at you.
The bolt of fire hits you!!
Ouch! That really hurt!
You die...

#.#..##########.###.#.### #.#.##
#.#...#########.....########.....
..#.#........########........#.##
###.###......##.....'......###.#
.....##......##....)#..##..# #.#
###..###.....##..#..#..##..# #.#
# #..# #.....##.....#......# #.#
# #..###.....##.....#......# #.#
# #.......#.####@########### #.#
# ##......#..###eE..#g. .e# #.#
####......##..##0.).#.#.#.)###.#
..........###.##....'.. # ###..#
#####.....# #.##....#### #...##
..........###.####### ####.###
#.)...............# #....#
#.#....########...# ##.########
#.#....# ##..## #..##......


You could see a deep elf pyromancer and a fire elemental (summoned, vitrified).

Vanquished Creatures
  A troll (D:5)
  Prince Ribbit (D:7)
  Grinder (Sewer)
  3 yaks (D:8)
  Eustachio (D:6)
  A wyvern (D:8)
  A steam dragon (D:8)
  Menkaure (D:4)
  2 water moccasins (D:8)
  An orc warrior (D:8)
  Pargi (D:4)
  3 ice beasts (D:5)
  A black bear (D:8)
  An ogre (D:5)
  A phantom (Sewer)
  2 kobold brigands
  3 bullfrogs
  2 gnoll sergeants
  A scorpion (D:5)
  A necrophage (Sewer)
  3 hounds
  A jelly (D:8)
  2 gnoll boudas
  2 orc priests
  A sleepcap (D:4)
  2 iguanas
  Natasha (thrice) (D:4)
  4 orc wizards
  20 gnolls
  4 adders
  4 shadow imps
  3 ufetubi (Sewer)
  2 dart slugs
  20 orcs
  8 ball pythons
  7 endoplasms
  8 giant cockroaches
  11 goblins
  7 hobgoblins
  10 jackals
  6 quokkas
  4 bats
  4 frilled lizards
  13 kobolds
  3 kobold zombies (Sewer)
  4 rats
185 creatures vanquished.

Notes
Turn   | Place    | Note
-------+----------+-------------------------------------------
     0 | D:1      | qw the Spriggan Hunter began the quest for the Orb.
     0 | D:1      | Reached XP level 1. HP: 10/10 MP: 2/2
     0 | D:1      | 0 ||| qw: Version: 0.3-a-155-g5e7d8dd
     0 | D:1      | 0 ||| qw: Game counter: 1208
     0 | D:1      | 0 ||| qw: Melee chars always use a shield: true
     0 | D:1      | 0 ||| qw: God list: Okawaru
     0 | D:1      | 0 ||| qw: Allow faded altars: false
     0 | D:1      | 0 ||| qw: Do Orc after clearing Dungeon:15 true
     0 | D:1      | 0 ||| qw: Do second Lair branch before Depths: true
     0 | D:1      | 0 ||| qw: Lair rune preference: random
     0 | D:1      | 0 ||| qw: Goals: Normal
     0 | D:1      | 0 ||| PLANNING D:1-11
    47 | D:1      | Reached skill level 3 in Dodging
    65 | D:1      | HP: 2/10 [hobgoblin (4)]
    67 | D:1      | Reached XP level 2. HP: 3/14 MP: 3/3
   177 | D:1      | Reached skill level 4 in Dodging
   187 | D:1      | HP: 3/14 [jackal (1)]
   313 | D:1      | Found Xaososom's Antique Armour Shop.
   444 | D:1      | Reached XP level 3. HP: 18/18 MP: 4/4
   802 | D:1      | 802 ||| READING scroll labelled ETOHAR WUNT.
   802 | D:1      | 802 ||| IDENTIFYING sedimented orange potion
   803 | D:1      | 803 ||| READING scroll labelled QOMOMM LUPY.
   803 | D:1      | 803 ||| ENCHANTING +0 shortbow.
   804 | D:1      | 804 ||| READING 3 scrolls labelled TIETRANWATS.
   805 | D:1      | 805 ||| READING scroll labelled BOIBRY KIER.
   805 | D:1      | 805 ||| ENCHANTING +0 shortbow.
   806 | D:1      | 806 ||| READING scroll labelled MUHAUR SEAC.
   807 | D:1      | 807 ||| DRINKING 2 fizzy pink potions.
   808 | D:1      | 808 ||| DROPPING scroll of butterflies.
   809 | D:1      | 809 ||| DROPPING potion of degeneration.
   810 | D:1      | 810 ||| DROPPING potion of ambrosia.
   811 | D:1      | 811 ||| DROPPING 2 scrolls of fear.
  1111 | D:2      | 1111 ||| FLEEEEING.
  1112 | D:2      | 1112 ||| FLEEEEING.
  1114 | D:2      | 1114 ||| FLEEEEING.
  1115 | D:2      | 1115 ||| FLEEEEING.
  1116 | D:2      | 1116 ||| FLEEEEING.
  1117 | D:2      | 1117 ||| FLEEEEING.
  1121 | D:2      | 1121 ||| FLEEEEING.
  1122 | D:2      | 1122 ||| FLEEEEING.
  1123 | D:2      | 1123 ||| FLEEEEING.
  1124 | D:2      | 1124 ||| FLEEEEING.
  1183 | D:2      | 1183 ||| READING scroll of enchant weapon.
  1183 | D:2      | 1183 ||| ENCHANTING +1 shortbow.
  1302 | D:2      | HP: 4/18 [poisoned by an adder]
  1306 | D:2      | HP: 1/18 [poisoned by an adder]
  1940 | D:3      | Reached XP level 4. HP: 23/23 MP: 5/5
  1999 | D:3      | 1999 ||| READING scroll of enchant weapon.
  1999 | D:3      | 1999 ||| ENCHANTING +2 shortbow.
  2360 | D:3      | 2360 ||| READING scroll of identify.
  2360 | D:3      | 2360 ||| IDENTIFYING metallic sapphire potion
  2361 | D:3      | 2361 ||| READING 2 scrolls labelled BOBOEL JEKEJE.
  2361 | D:3      | 2361 ||| BRANDING +3 shortbow.
  2362 | D:3      | 2362 ||| READING scroll of brand weapon.
  2362 | D:3      | 2362 ||| BRANDING +3 shortbow of flaming.
  2363 | D:3      | 2363 ||| READING scroll labelled XAIPNUKH NUGI.
  2368 | D:3      | 2368 ||| DROPPING potion of lignification.
  2399 | D:4      | 2399 ||| PLANNING SEWER
  2400 | D:4      | 2400 ||| STAIRDANCE
  2407 | D:4      | 2407 ||| STAIRDANCE
  2416 | D:4      | 2416 ||| STAIRDANCE
  2424 | D:3      | Reached skill level 5 in Dodging
  2424 | D:3      | Reached XP level 5. HP: 16/26 MP: 6/6
  2534 | D:4      | Noticed Menkaure
  2541 | D:4      | Killed Menkaure
  2542 | D:4      | Reached skill level 6 in Ranged Weapons
  2542 | D:4      | Reached XP level 6. HP: 30/30 MP: 7/7
  2718 | D:4      | Noticed Pargi
  2725 | D:4      | Killed Pargi
  2726 | D:4      | Reached skill level 6 in Dodging
  2729 | D:4      | 2729 ||| READING scroll of enchant weapon.
  2729 | D:4      | 2729 ||| ENCHANTING +3 shortbow of chaos.
  2800 | D:4      | Noticed Natasha
  2803 | D:4      | Killed Natasha
  2841 | D:4      | Noticed Natasha
  2845 | D:4      | Killed Natasha
  2895 | D:4      | Found a glowing drain.
  2898 | D:4      | 2898 ||| UPGRADING to ring of protection from cold.
  2899 | D:4      | 2899 ||| READING scroll of identify.
  2899 | D:4      | 2899 ||| IDENTIFYING viscous blue potion
  2900 | D:4      | 2900 ||| READING scroll labelled DOFFEO SIPO.
  2907 | Sewer    | Entered a sewer
  2997 | Sewer    | Found an ancient bone altar of Kikubaaqudgha.
  2999 | Sewer    | Reached XP level 7. HP: 35/35 MP: 8/8
  3014 | Sewer    | Noticed Grinder
  3018 | Sewer    | Killed Grinder
  3019 | Sewer    | Reached skill level 8 in Dodging
  3166 | Sewer    | 3166 ||| DRINKING 2 green potions.
  3193 | D:4      | 3193 ||| PLANNING D:1-11
  3207 | D:4      | Noticed Natasha
  3210 | D:4      | Killed Natasha
  3317 | D:5      | Entered Level 5 of the Dungeon
  3332 | D:5      | 3332 ||| FLEEEEING.
  3333 | D:5      | 3333 ||| FLEEEEING.
  3334 | D:5      | 3334 ||| FLEEEEING.
  3335 | D:5      | 3335 ||| FLEEEEING.
  3336 | D:5      | 3336 ||| FLEEEEING.
  3337 | D:5      | 3337 ||| STAIRDANCE
  3362 | D:4      | 3362 ||| DRINKING 2 black potions.
  3363 | D:4      | 3363 ||| DROPPING potion of brilliance.
  3371 | D:5      | Reached XP level 8. HP: 39/39 MP: 9/9
  3556 | D:5      | Found a sparkling altar of Nemelex Xobeh.
  3615 | D:5      | Reached skill level 3 in Fighting
  3644 | D:5      | Noticed a troll
  3645 | D:5      | 3645 ||| DRINKING potion of haste.
  3655 | D:5      | Killed a troll
  3656 | D:5      | Reached skill level 9 in Ranged Weapons
  3786 | D:5      | You fall into a shaft and drop 2 floors!
  3813 | D:7      | 3813 ||| READING scroll labelled UTTOLE HOEMOEGH.
  3814 | D:7      | 3814 ||| FLEEEEING.
  3909 | D:7      | 3909 ||| FLEEEEING.
  3910 | D:7      | 3910 ||| FLEEEEING.
  3934 | D:7      | 3934 ||| DRINKING 2 yellow potions.
  3935 | D:7      | 3935 ||| STAIRDANCE
  4040 | D:6      | 4040 ||| DROPPING potion of berserk rage.
  4072 | D:5      | Found a staircase to the Ecumenical Temple.
  4073 | D:5      | 4073 ||| PLANNING TEMPLE
  4081 | Temple   | Entered the Ecumenical Temple
  4082 | Temple   | 4082 ||| PLANNING OKAWARU WORSHIP
  4090 | Temple   | Became a worshipper of Warmaster Okawaru
  4091 | Temple   | 4091 ||| PLANNING D:1-11
  4104 | D:5      | Reached skill level 9 in Dodging
  4321 | D:6      | Noticed Eustachio
  4335 | D:6      | Killed Eustachio
  4498 | D:6      | Identified the +1 robe of the Slorg {Rampage}
  4595 | D:6      | Found a burning altar of Makhleb.
  4699 | D:6      | Found the +10 zealot's sword {holy, Zealotry, *Rage rN+
                  | EV+3}
  4754 | D:6      | Reached XP level 9. HP: 44/44 MP: 10/10
  4802 | D:6      | Noticed a +0 bardiche
  4804 | D:6      | Found Ereos's Weapon Emporium.
  4805 | D:6      | Noticed a +0 giant spiked club
  5418 | D:6      | 5418 ||| UPGRADING to +1 robe of the Slorg {Rampage}.
  5428 | D:6      | 5428 ||| DROPPING +0 robe.
  5429 | D:6      | 5429 ||| UPGRADING to scarf of repulsion.
  5434 | D:6      | 5434 ||| READING 2 scrolls of identify.
  5434 | D:6      | 5434 ||| IDENTIFYING bubbling sapphire potion
  5435 | D:6      | 5435 ||| READING scroll of identify.
  5435 | D:6      | 5435 ||| IDENTIFYING fuming grey potion
  5436 | D:6      | 5436 ||| READING scroll labelled ZIRAILL KOLA.
  5437 | D:6      | 5437 ||| READING scroll labelled OSOALU JEUMAGG.
  5438 | D:6      | 5438 ||| READING scroll labelled HUWNEI NI GODD.
  5438 | D:6      | Identified a scroll of acquirement
  5438 | D:6      | 5438 ||| ACQUIRING 934 gold pieces
  5438 | D:6      | Acquired 934 gold pieces
  5439 | D:6      | 5439 ||| DRINKING 2 bubbling yellow potions.
  5440 | D:6      | 5440 ||| DROPPING potion of invisibility.
  5441 | D:6      | 5441 ||| DROPPING potion of attraction.
  5539 | D:7      | Found a glowing silver altar of Zin.
  5548 | D:7      | Noticed Prince Ribbit
  5556 | D:7      | Reached * piety under Okawaru
  5562 | D:7      | Found Axucad's Weapon Shop.
  5563 | D:7      | Killed Prince Ribbit
  5564 | D:7      | Reached skill level 10 in Dodging
  5564 | D:7      | Reached skill level 1 in Invocations
  5586 | D:7      | 5586 ||| SHOPLISTING +6 arbalest "Killer Klown's Foe"
                  | {penet, Fly rElec Will+} (943 gold, have 385).
  5694 | D:7      | 5694 ||| RETREEEEATING.
  5696 | D:7      | 5696 ||| RETREEEEATING.
  5699 | D:7      | 5699 ||| RETREEEEATING.
  5702 | D:7      | 5702 ||| RETREEEEATING.
  5707 | D:7      | HP: 11/44 [human/+0 hand axe (8)]
  5708 | D:7      | 5708 ||| READING 2 scrolls of teleportation.
  5710 | D:7      | 5710 ||| FLEEEEING.
  5711 | D:7      | 5711 ||| FLEEEEING.
  5842 | D:7      | 5842 ||| INVOKING Heroism.
  5926 | D:7      | Found a stormy altar of Qazlal.
  6016 | D:7      | Found a hide-covered altar of Uskayaw.
  6118 | D:7      | Found a sacrificial altar of Ru.
  6121 | D:7      | Found a bloodstained altar of Trog.
  6124 | D:7      | Found a blossoming altar of Fedhas.
  6127 | D:7      | Found a glowing golden altar of the Shining One.
  6226 | D:7      | 6226 ||| READING scroll of identify.
  6226 | D:7      | 6226 ||| IDENTIFYING metallic pink potion
  6227 | D:7      | 6227 ||| READING scroll labelled ETZAIM YXERISU.
  6328 | D:7      | 6328 ||| DRINKING 3 fizzy dark potions.
  6452 | D:8      | 6452 ||| RETREEEEATING.
  6466 | D:8      | Reached skill level 3 in Invocations
  6817 | D:8      | 6817 ||| DROPPING +1 sling of draining.
  6858 | D:8      | 6858 ||| INVOKING Heroism.
  7021 | D:8      | 7021 ||| INVOKING Heroism.
  7228 | D:8      | Reached skill level 11 in Dodging
  7313 | D:8      | Noticed a deep elf pyromancer
  7384 | D:8      | Reached ** piety under Okawaru
  7388 | D:8      | 7388 ||| INVOKING Heroism.
  7402 | D:8      | Reached XP level 10. HP: 26/49 MP: 12/14
  7404 | D:8      | Killed from afar by a deep elf pyromancer

Levels and vault maps discovered:
D:1:      minmay_arrival_three_doors, layout_basic, serial_shops, shop_fountains
D:2:      layout_basic, minmay_pentomino_v4
D:3:      layout_basic, amethyst_killhole, amcnicky_mini_rare_corridor_liquid
D:4:      layout_cave_pools, gup_sewer_entry_pipe, uniq_menkaure, uniq_natasha,
          uniq_pargi
D:5:      layout_basic, nemelex_spade_bored_becter, minmay_misc_feat_alley,
          uniq_crazy_yiuf_cottage
D:6:      layout_layer_cave, mainiacjoe_overflow_alcove_2, serial_shops,
          nicolae_shop_mannequins, uniq_eustachio
D:7:      layout_loops_ring, mainiacjoe_overflow_catwalk, zin_scriptorium,
          nicolae_uskayaw_suspiria, grunt_temple_overflow_cloverleaf,
          enter_bailey_5, serial_shops, shop, grunt_livestock,
          minmay_gold_behind_fungi, uniq_prince_ribbit1
D:8:      minmay_clustersquares, layout_basic
Temple:   nicolae_temple_ecumenical_triangle

Skill      XL: |  1  2  3  4  5  6  7  8  9 |
---------------+----------------------------+-----
Dodging        | 3 4 5 6 8 9 11 | 11.0
Ranged Weapons | 5 6 8 10 | 10.9
Fighting       | 2 3 4 |  4.1
Invocations    | 4 |  4.0
Stealth        | |  1.5

Action                     |  1- 3 |  4- 6 |  7- 9 | 10-12 || total
---------------------------+-------+-------+-------+-------++-------
   Fire: Shortbow          |   118 |   116 |   343 |     3 ||   580
 Invoke: Heroism           |       |       |     4 |       ||     4
    Use: Scroll            |     6 |     8 |     9 |       ||    23
         Potion            |     1 |       |     6 |       ||     7
 Armour: Robe              |    21 |    10 |    37 |     1 ||    69
  Dodge: Dodged            |    50 |    24 |   175 |     3 ||   252

Table legend:
 A = Non-vault XP
 B = Vault XP
 C = Vault XP percentage of total XP
 D = Non-vault monster count
 E = Vault monster count
 F = Vault count percentage of total count
                 A         B        C        D         E       F
            +---------+---------+-------+---------+---------+-------
      Total |    3249 |    2361 |  42.1 |     139 |      46 |  24.9
            +---------+---------+-------+---------+---------+-------
        D:1 |      50 |       0 |   0.0 |      29 |       0 |   0.0
        D:2 |      34 |       4 |  10.5 |      12 |       2 |  14.3
        D:3 |     112 |       0 |   0.0 |      13 |       0 |   0.0
        D:4 |     194 |     350 |  64.3 |      21 |       8 |  27.6
        D:5 |    1045 |       0 |   0.0 |      18 |       0 |   0.0
        D:6 |     228 |     202 |  47.0 |       7 |       1 |  12.5
        D:7 |     389 |     270 |  41.0 |      23 |       5 |  17.9
        D:8 |    1197 |     917 |  43.4 |      16 |       8 |  33.3
      Sewer |       0 |     618 | 100.0 |       0 |      22 | 100.0
            +---------+---------+-------+---------+---------+-------
